 Dungeon Crawl Stone Soup version 0.28-a0-1184-g53156a8862 (webtiles) character file.

Game seed: 2194458628259347140

33 devnull the Ducker (level 3, -1/30 HPs)
             Began as a Ghoul Gladiator on Dec 18, 2021.
             Slain by a gnoll (6 damage)
             ... on level 1 of the Dungeon.
             The game lasted 00:01:33 (1329 turns).

devnull the Ducker (Ghoul Gladiator)                Turns: 1329, Time: 00:01:34

Health: -1/30      AC:  4    Str: 19    XL:     3   Next: 29%
Magic:  0/2        EV: 12    Int:  3    God:
Gold:   66         SH:  0    Dex: 10    Spells: 2/2 levels left

rFire   . . .      SeeInvis .   a - +0 war axe
rCold   + . .      Faith    .   (no shield)
rNeg    + + +      Spirit   +   b - +0 leather armour
rPois   ∞          Reflect  .   c - +0 helmet
rElec   .          Harm     .   (no cloak)
rCorr   .          Rampage  .   (no gloves)
Will    .....                   (no boots)
Stlth   +.........              i - amulet of guardian spirit
HPRegen 0.00/turn               (no ring)
MPRegen 0.08/turn               (no ring)

@: inhibited regen
A: claws 1, cold resistance 1, negative energy resistance 3, inhibited
regeneration, torment resistance 2
a: no special abilities


You were on level 1 of the Dungeon.
You visited 1 branch of the dungeon, and saw 2 of its levels.

You collected 66 gold pieces.

Inventory:

Hand Weapons
 a - a +0 war axe (weapon)
Missiles
 d - 3 throwing nets (quivered)
Armour
 b - a +0 leather armour (worn)
 c - a +0 helmet (worn)
Jewellery
 i - an amulet of guardian spirit (around neck)
Scrolls
 e - a scroll of teleportation
 f - a scroll of torment {unknown}
 g - a scroll of silence {unknown}
 h - a scroll of enchant armour {unknown}


   Skills:
 + Level 2.9 Fighting
 - Level 2.6 Axes
 + Level 2.3 Throwing
 + Level 3.1 Dodging


You had 2 spell levels left.
You didn't know any spells.
Your spell library contained the following spells:

 Spells                   Type           Power      Damage    Failure   Level
 Animate Skeleton         Necr           0%         N/A       58%         1
 Apportation              Tloc           0%         N/A       58%         1
 Summon Small Mammal      Summ           0%         N/A       58%         1


Dungeon Overview and Level Annotations

Branches:
Dungeon (2/15)

Altars:


Innate Abilities, Weirdness & Mutations

You thrive by killing the living.
You are immune to poison.
You have sharp fingernails.
Your flesh is cold resistant. (rC+)
You are immune to negative energy. (rN+++)
You do not regenerate when monsters are visible.
You are immune to unholy pain and torment.


Message History

You feel yourself slow down.
HP restored.
A gnoll is nearby!
The gnoll barely misses you.
You hit the gnoll.
The gnoll is lightly wounded.
The gnoll misses you.
You completely miss the gnoll.
The gnoll is lightly wounded.
The gnoll barely misses you. x2
You barely miss the gnoll.
The gnoll is lightly wounded.
The gnoll hits you with a +0 halberd.
You barely miss the gnoll.
The gnoll is lightly wounded.
The gnoll hits you with a +0 halberd!
You hit the gnoll.
The gnoll is moderately wounded.
The gnoll misses you. The gnoll completely misses you.
You hit the gnoll.
The gnoll is heavily wounded.
The gnoll barely misses you.
You closely miss the gnoll.
The gnoll is heavily wounded.
The gnoll hits you with a +0 halberd.
You are too injured to fight recklessly!
You are too injured to fight recklessly!
You are too injured to fight recklessly!
You are too injured to fight recklessly!
You are too injured to fight recklessly!
You hit the gnoll but do no damage.
The gnoll is heavily wounded.
The gnoll hits you with a +0 halberd.
* * * LOW HITPOINT WARNING * * *
The gnoll closely misses you. The gnoll misses you.
There is an open door here.
There is a stone staircase leading down here.
The gnoll hits you from afar with a +0 halberd!
You die...

.###.#...#.....####.......#.#.###
.# ##.###....#...##..............
## #....................##.#.##.
# ######'#########.....##.#.##. #
♣♣♣.....P..≈≈≈≈≈≈#.#......#....
#♣♣.....≈≈≈≈≈≈≈....'.##...######.
#♣....≈≈≈PPP≈≈.....###..#.# #.
#....≈≈PPP≈≈≈.P...♣###....# #.
'..≈≈≈≈PP≈≈...g.@♣♣#......# ###.
#≈≈≈≈≈≈≈≈≈.<..♣♣♣♣ #......####...
############'#######......##.....
#..g...........##.#.##
##.............##...##
#.............##..###
###.##........##..###
#.##.##............
#.##.#...#.##.#.###


You could see a gnoll.

Vanquished Creatures
  A gnoll (D:1)
  An endoplasm (D:1)
  A giant cockroach (D:1)
  4 hobgoblins
  4 jackals (D:1)
  A quokka (D:1)
  A ball python (D:1)
  A bat (D:2)
  2 frilled lizards (D:2)
  A goblin (D:1)
  3 kobolds
  2 rats (D:1)
22 creatures vanquished.

Vanquished Creatures (others)
  A bat (D:1)
  3 demonic plants (D:1)
  5 fungi (D:1)
  5 plants (D:1)
  2 withered plants (D:1)
16 creatures vanquished.

Grand Total: 38 creatures vanquished

Notes
Turn   | Place    | Note
-------+----------+-------------------------------------------
     0 | D:1      | devnull the Ghoul Gladiator began the quest for the Orb.
     0 | D:1      | Reached XP level 1. HP: 17/17 MP: 0/0
   367 | D:1      | Reached XP level 2. HP: 25/25 MP: 1/1
   475 | D:1      | Found a faded altar of an unknown god.
   720 | D:1      | Reached skill level 3 in Dodging
   833 | D:2      | Found Ydakufao's Antique Weapon Shoppe.
   929 | D:2      | Reached XP level 3. HP: 24/30 MP: 2/2
  1329 | D:1      | Slain by a gnoll

Illustrated notes

Levels and vault maps discovered:
D:1:      tarquinn_simple_flora_water_c, layout_loops_cross,
          shapermc_ecumenical_altar_gd, lemuel_old_faithful
D:2:      layout_loops_corners, serial_shops, shop, basic_altar,
          dk_noncrumbling_2, kennysheep_flooded_box, uniq_natasha

Skill      XL: |  1  2 |
---------------+-------+-----
Throwing       | 2 |  2.3
Dodging        | 3 |  3.1
Fighting       | |  2.9
Axes           | |  2.6

Action                   || total
-------------------------++-------
Melee: War axe           ||    68
  Use: Scroll            ||     1
       Potion            ||     1
Armor: Leather armour    ||    19
Dodge: Dodged            ||    58

Table legend: (Time is in decaauts)
 A = Elapsed time spent in this place.
 B = Non-inter-level travel time spent in this place.
 C = Inter-level travel time spent in this place.
 D = Time resting spent in this place.
 E = Time spent auto-exploring this place.
 F = Levels seen in this place.
 G = Mean time per level.
                   A        B        C        D        E       F      G
               +--------+--------+--------+--------+--------+-----+--------+
         Total |   1335 |   1324 |     11 |      0 |   1112 |   2 |  667.5 |
       Dungeon |   1335 |   1324 |     11 |      0 |   1112 |   2 |  667.5 |
               +--------+--------+--------+--------+--------+-----+--------+

Top non-repeatable levels by time:
     D:1: 1163 daAuts
     D:2: 172 daAuts
